 Dungeon Crawl Stone Soup version 0.27-a0-1308-gc08437e49b (webtiles) character file.

Game seed: 1867828476443289083

71 mordus the Slasher (level 4, -5/35 HPs)
             Began as a Formicid Abyssal Knight on June 18, 2021.
             Was a Follower of Lugonu.
             Slain by Sigmund (10 damage)
             ... on level 2 of the Dungeon.
             The game lasted 00:02:19 (2364 turns).

mordus the Slasher (Formicid Abyssal Knight)        Turns: 2364, Time: 00:02:20

Health: -5/35      AC:  9    Str: 18    XL:     4   Next: 47%
Magic:  6/6        EV:  7    Int: 11    God:    Lugonu [*.....]
Gold:   69         SH:  0    Dex: 10    Spells: 3/3 levels left

rFire    . . .     SeeInvis +   a - +1 falchion
rCold    . . .     Faith    .   (no shield)
rNeg     . . .     Spirit   .   g - +0 chain mail
rPois    .         Reflect  .   (helmet unavailable)
rElec    .         Harm     .   (no cloak)
rCorr    .         Rampage  .   (no gloves)
Will     .....                  (no boots)
Stlth    ..........             (no amulet)
HPRegen  0.11/turn              (no ring)
MPRegen  0.10/turn              (no ring)

@: no status effects
A: permanent stasis, dig shafts and tunnels, antennae 3, four strong arms
a: Dig, Shaft Self, Renounce Religion, Depart the Abyss


You were on level 2 of the Dungeon.
You worshipped Lugonu.
Lugonu was aware of your devotion.
You visited 1 branch of the dungeon, and saw 2 of its levels.
You visited the Abyss 1 time.

You collected 69 gold pieces.

Inventory:

Hand Weapons
 a - a +1 falchion (weapon)
Missiles
 l - a throwing net
Armour
 b - a +0 leather armour
 g - a +0 chain mail (worn)
Scrolls
 c - a scroll of amnesia {unknown}
 d - 2 scrolls of fog {unknown}
 e - 2 scrolls of identify {unknown}
 f - a scroll of vulnerability {unknown}
 h - a scroll of holy word {unknown}
 i - a scroll of noise {unknown}
 j - a scroll of enchant weapon {unknown}
 k - a scroll of enchant armour {unknown}


   Skills:
 - Level 3.2 Fighting
 * Level 3.4 Long Blades
 + Level 3.0 Armour
 - Level 0.8 Dodging
 + Level 3.2 Invocations


You had 3 spell levels left.
You didn't know any spells.
Your spell library contained the following spells:

 Spells                   Type           Power      Damage    Failure   Level
 Shock                    Conj/Air       0%         1d3       99%         1
 Static Discharge         Conj/Air       0%         N/A       100%        2
 Airstrike                Air            0%         N/A       100%        4
 Lightning Bolt           Conj/Air       0%         1d11      100%        5
 Swiftness                Air            Unusable   N/A       N/A         3

Dungeon Overview and Level Annotations

Branches:
Dungeon (2/15)

Altars:

Annotations:
D:2 Sigmund


Innate Abilities, Weirdness & Mutations

You cannot be hasted, slowed, berserked, paralysed or teleported.
You can dig through walls and to a lower floor.
You have a pair of large antennae on your head. (SInv)
Your four strong arms can wield two-handed weapons with a shield.


Message History

The gnoll hits you with a +0 halberd.
You slash the gnoll!
You kill the gnoll!
Lugonu accepts your kill.
Your Armour skill increases to level 3!
You see here a +0 halberd.
HP restored.
l - a throwing net
There is a stone staircase leading down, spattered with blood here.
You see here a +0 flail.
You now have 69 gold pieces (gained 16).
A bat is nearby!
e - 2 scrolls labelled ZUEH VEGEF (gained 1)
You sense a monster nearby.
Sigmund the Dreaded comes into view.
He is wielding a +0 scythe and carrying a wand of flame (17).
Sigmund mumbles some strange words.
Sigmund flickers and vanishes for a moment.
An adder comes into view.
The adder hisses angrily.
Sigmund casts a spell at you. The puff of flame hits you.
The adder bites you but does no damage.
You hit Sigmund.
Sigmund is lightly wounded.
Sigmund gestures at you while chanting. The puff of flame hits you!
The adder bites you. Sigmund hits you with a +0 scythe!
You hit Sigmund.
Sigmund is moderately wounded.
The adder bites you but does no damage. The adder bites you.
Sigmund looks at you with fury.
Sigmund points at you and mumbles some strange words.
The magic dart hits you but does no damage.
You slash Sigmund!
Sigmund is heavily wounded.
The adder barely misses you. Sigmund hits you with a +0 scythe!
* * * LOW HITPOINT WARNING * * *
You hit Sigmund but do no damage.
Sigmund is heavily wounded.
The adder closely misses you. Sigmund hits you with a +0 scythe!
You die...

#.#.# #.#.#.# #.#####.
#.#.. ..#.#.###.# #.
#.#.. ##........# #. #..
......# #. #.. .#
#..#####. # #..##
#........ #.. ...
#.###.#.# #..#S##### #.#
#.#.# #...@@...# #>#
#.#.#
#....###.#.#####.###.#.#
#.# #.#.......b.....#
...####....###.###
...........>...#
.#######....#####
.............# ##
########.### #.#


You could see Sigmund (invisible) and an adder.

Vanquished Creatures
  4 gnolls
  A worm (D:1)
  2 endoplasms
  A giant cockroach (D:2)
  2 hobgoblins
  7 jackals (D:2)
  A kobold (D:1)
  A ball python (D:2)
  3 bats
  3 frilled lizards (D:1)
  7 rats
32 creatures vanquished.

Notes
Turn   | Place    | Note
-------+----------+-------------------------------------------
     0 | Abyss:1  | mordus the Formicid Abyssal Knight began the quest for the
                  | Orb.
     0 | Abyss:1  | Reached XP level 1. HP: 18/18 MP: 2/2
    78 | Abyss:1  | Noticed a hellion
    78 | Abyss:1  | Noticed an ancient zyme
    79 | D:1      | Escaped the Abyss
   463 | D:1      | Reached XP level 2. HP: 15/24 MP: 3/3
   554 | D:1      | Reached * piety under Lugonu
  1169 | D:2      | Reached XP level 3. HP: 20/29 MP: 3/5
  1972 | D:1      | Reached XP level 4. HP: 25/35 MP: 6/6
  2357 | D:2      | Noticed Sigmund
  2364 | D:2      | Slain by Sigmund

Illustrated notes

Levels and vault maps discovered:
D:1:      dpeg_arrival_brainrot, layout_rooms, minmay_ruptured
D:2:      layout_loops_ring, minmay_pentomino_p2, uniq_sigmund

Skill      XL: |  1  2  3  4 |
---------------+-------------+-----
Long Blades    | 3 |  3.4
Invocations    | 3 |  3.2
Armour         | 3 |  3.0
Fighting       | |  3.2
Dodging        | |  0.8

Action                   |  1- 3 |  4- 6 || total
-------------------------+-------+-------++-------
Melee: Falchion          |    64 |    10 ||    74
Invok: Depart the Abyss  |     1 |       ||     1
Armor: Leather armour    |     8 |       ||     8
       Chain mail        |    18 |     4 ||    22
Dodge: Dodged            |    36 |     7 ||    43
       Rpst.: Falchion   |    15 |     2 ||    17

Table legend: (Time is in decaauts)
 A = Elapsed time spent in this place.
 B = Non-inter-level travel time spent in this place.
 C = Inter-level travel time spent in this place.
 D = Time resting spent in this place.
 E = Time spent auto-exploring this place.
 F = Levels seen in this place.
 G = Mean time per level.
                   A        B        C        D        E       F      G
               +--------+--------+--------+--------+--------+-----+--------+
         Total |   2378 |   2360 |     18 |    533 |   1551 |   3 |  792.7 |
       Dungeon |   2299 |   2281 |     18 |    533 |   1473 |   2 | 1149.5 |
         Abyss |     79 |     79 |      0 |      0 |     78 |   1 |   79.0 |
               +--------+--------+--------+--------+--------+-----+--------+

Top non-repeatable levels by time:
     D:1: 1403 daAuts
     D:2: 896 daAuts
 Abyss:1: 79 daAuts
